 Dungeon Crawl Stone Soup version 0.31-a0-473-g61b50ae490 (webtiles) character file.

Game seed: 13422811564649545743

21422 CraigForest the Spear-Bearer (level 13, -4/104 HPs)
             Began as a Formicid Fighter on Aug 6, 2023.
             Was an Initiate of Gozag.
             Slain by a minotaur
             ... wielding a +0 whip
              (8 damage)
             ... in a Gauntlet on Aug 7, 2023.
             The game lasted 00:50:35 (9718 turns).

CraigForest the Spear-Bearer (Formicid Fighter)     Turns: 9718, Time: 00:50:35

Health: -4/104     AC: 22    Str: 32    XL:     13   Next: 19%
Magic:  13/13      EV: 13    Int:  8    God:    Gozag
Gold:   3375       SH: 16    Dex: 13    Spells: 12/12 levels left

rFire   . . .        m - +2 trident (vamp)
rCold   . . .        J - +0 kite shield
rNeg    . . .        W - +2 acid dragon scales
rPois   .            (helmet unavailable)
rElec   .            R - +1 cloak {Stlth+}
rCorr   +            (no gloves)
SInv    +            s - +0 pair of boots
Will    +....        G - amulet of reflection
Stlth   ++           e - +6 ring of strength
HPRegen 0.37/turn    A - ring of the Tortoise {AC+8}
MPRegen 0.13/turn

%: reflection
@: mighty
A: permanent stasis, dig shafts and tunnels, antennae 3, four strong arms
a: Dig, Renounce Religion, Potion Petition, Call Merchant, Bribe Branch


You were in a Gauntlet.
You worshipped Gozag.
Gozag was most pleased with you.
You visited 1 branch of the dungeon, and saw 12 of its levels.
You also visited: Bailey and Gauntlet.

You collected 3398 gold pieces.
You paid 23 gold pieces to Gozag.

Inventory:

Hand Weapons
 l - a +1 demon whip of venom
 m - a +2 vampiric trident (weapon)
 o - a +2 heavy battleaxe
 C - a +0 halberd
 T - a +4 battleaxe
 X - a +0 hand axe of flaming
Missiles
 u - 38 poisoned darts
 L - 23 boomerangs (quivered)
 M - 11 atropa-tipped darts
 Z - 2 curare-tipped darts
Armour
 s - a +0 pair of boots (worn)
 v - a +0 plate armour
 w - a +0 cloak
 J - a +0 kite shield (worn)
 R - a +1 cloak of stealth (worn)
 W - +2 acid dragon scales (worn)
Jewellery
 c - a +6 ring of intelligence
 e - a +6 ring of strength (left hand)
 A - the ring of the Tortoise (right hand) {AC+8}
   (You found it on level 5 of the Dungeon)

   [ring of protection]

   AC:        It affects your AC (+8).
 D - a ring of positive energy
 G - an amulet of reflection (around neck)
 O - an amulet of the acrobat
 Q - a ring of flight
Wands
 a - a wand of roots (9)
 b - a wand of paralysis (13)
 n - a wand of quicksilver (4)
 Y - a wand of mindburst (6)
Scrolls
 i - 2 scrolls of fear
 j - 2 scrolls of fog
 q - a scroll of butterflies {unknown}
 t - a scroll of immolation {unknown}
 x - a scroll of silence {unknown}
 y - a scroll of poison {unknown}
 B - a scroll of enchant armour
 F - 2 scrolls of revelation
 P - 4 scrolls of identify
 S - a scroll of blinking {unknown}
 U - a scroll of brand weapon {unknown}
 V - 2 scrolls of amnesia {unknown}
Potions
 d - a potion of might
 f - a potion of attraction
 g - 2 potions of curing
 h - 2 potions of magic
 p - 2 potions of mutation {unknown}
 r - a potion of ambrosia
 z - 2 potions of invisibility
 E - a potion of enlightenment
 H - a potion of haste
 I - a potion of lignification
 K - 4 potions of cancellation
Miscellaneous
 N - a tin of tremorstones (2/2)


   Skills:
 + Level 10.6 Fighting
 + Level 14.4 Polearms
 + Level 0.9 Throwing
 + Level 9.3 Armour
 + Level 6.2 Dodging
 - Level 10.0 Shields


You had 12 spell levels left.
You didn't know any spells.
Your spell library contained the following spells:

 Spells                   Type           Power      Damage    Failure   Level
 Necrotise                Necr           0%         1d4       61%         1
 Summon Small Mammal      Summ           0%         N/A       61%         1
 Lesser Beckoning         Tloc           0%         N/A       75%         2
 Sublimation of Blood     Necr           0%         N/A       75%         2
 Call Canine Familiar     Summ           0%         N/A       93%         3
 Gell's Gravitas          Tloc           0%         N/A       93%         3
 Portal Projectile        Hex/Tloc       0%         N/A       93%         3
 Summon Guardian Golem    Hex/Summ       0%         N/A       93%         3
 Teleport Other           Tloc           0%         N/A       93%         3
 Vampiric Draining        Necr           0%         2d6       93%         3
 Anguish                  Hex/Necr       0%         N/A       100%        4
 Cause Fear               Hex            0%         N/A       100%        4
 Leda's Liquefaction      Hex/Erth       0%         N/A       100%        4
 Petrify                  Tmut/Erth      0%         N/A       100%        4
 Agony                    Necr           0%         N/A       100%        5
 Irradiate                Conj/Tmut      0%         3d11      100%        5
 Iskenderun's Battlesphe  Conj           0%         2d6       100%        5
 Leda's Unmaking          Conj/Erth      0%         9d1       100%        6
 Enfeeble                 Hex            0%         N/A       100%        7
 Spellforged Servitor     Conj/Summ      0%         N/A       100%        7


Dungeon Overview and Level Annotations

Branches:
Dungeon (12/15)            Temple (0/1) D:5            Lair (0/5) D:11
    Orc (0/2) D:10         Bailey (visited)         Gauntlet (1/1)

Altars:
Dithmenos
Elyvilon
Gozag
Kikubaaqudgha
Trog

Shops:
D:3 *   D:8 =

Portals:
Trove: D:10 (give +4 demon whip)

Annotations:
Gauntlet 6 transporters, exclusions: obsidian statue and oklob plant


Innate Abilities, Weirdness & Mutations

You cannot be hasted, slowed, berserked, paralysed or teleported.
You can dig through walls and to a lower floor.
You have a pair of large antennae on your head. (SInv)
Your four strong arms can wield two-handed weapons with a shield.


Message History

You hit the minotaur but do no damage.
The minotaur is heavily wounded.
The minotaur hits you with a +0 whip!!
* * * LOW HITPOINT WARNING * * *
The minotaur gores you.
* * * LOW HITPOINT WARNING * * *
You hit the minotaur.
You feel better.
The minotaur is heavily wounded.
The minotaur closely misses you.
The minotaur gores you but does no damage.
As you read the scroll of fear, it crumbles to dust.
You assume a fearsome visage.
The minotaur resists with some effort.
The minotaur hits you with a +0 whip!
* * * LOW HITPOINT WARNING * * *
The minotaur gores you.
* * * LOW HITPOINT WARNING * * *
Unknown command.
Okay, then.
You hit the minotaur.
You feel better.
The minotaur is heavily wounded.
You puncture the minotaur!
The minotaur is severely wounded.
You block the minotaur's attack. The minotaur closely misses you.
You closely miss the minotaur.
The minotaur furiously retaliates!
The minotaur headbutts you, but does no damage.
The minotaur is severely wounded.
The minotaur hits you but does no damage.
You block the minotaur's attack.
You hit the minotaur.
You feel better.
The minotaur is severely wounded.
You puncture the minotaur!
You feel better.
The minotaur is severely wounded.
The minotaur hits you with a +0 whip!
* * * LOW HITPOINT WARNING * * *
The minotaur barely misses you.
You barely miss the minotaur.
The minotaur is severely wounded.
The minotaur hits you with a +0 whip!
You die...
Your body crumbles into a pile of gold.

©###..#≈8≈# .#.#..#...#
### #.#####.8.# ..#
#.##©.....##.#.#
#######.8....#.# #
.Y.#..#...##.#.# .#
####..#.8.##...# #'###
.....≈#...##.#.##.⌠..#
.....∩#.8....#.'@H..⌠+$
.....≈#...##.#.##∩...#
####..#.8.##...# ..⌠.#
#©##..#...##.#.# ##+##
##.####.8....#.# {
.#.#©.....##.#.#
.#.####.8.##...#
.#.#..#...######
.#.#..#§8§#


You could see a minotaur.

Vanquished Creatures
  4 two-headed ogres
  A centaur warrior (D:11)
  3 death yaks (D:11)
  A boulder beetle (D:11)
  Erica (D:9)
  Sonja (D:10)
  Amaemon (D:11)
  A slime creature (D:12)
  An obsidian statue (Gauntlet)
  An ugly thing (D:11)
  An orange demon (D:11)
  Maggie (D:9)
  An unseen horror (D:11)
  An ice devil (Gauntlet)
  2 trolls
  A hornet (D:8)
  Grinder (D:3)
  A raiju (Gauntlet)
  A shadow (D:10)
  Sigmund (D:3)
  A wraith (D:11)
  2 wyverns
  18 yaks
  Grum (D:11)
  The ghost of CraigForest the Shooter, an amateur FoHu (D:3)
  3 vampire mosquitoes (D:12)
  A steam dragon (D:8)
  2 acid dragons
  An ice beast (D:8)
  13 orc warriors
  A sky beast (D:7)
  2 black bears
  3 wolves (D:11)
  3 ogres
  4 centaurs
  7 kobold brigands
  4 bullfrogs
  A gnoll sergeant (D:10)
  11 wights
  20 killer bees
  2 electric eels (D:10)
  6 howler monkeys
  5 hounds
  14 orc priests
  A gnoll bouda (D:6)
  5 iguanas
  2 sleepcaps
  12 orc wizards
  A lightning spire (Gauntlet)
  Robin (D:2)
  7 gnolls
  6 adders
  A shadow imp (D:6)
  3 white imps
  An ufetubus (D:5)
  5 worms (D:3)
  67 orcs
  5 ball pythons
  6 bats
  8 endoplasms
  4 giant cockroaches
  19 goblins
  13 hobgoblins
  3 jackals (D:1)
  24 kobolds
  4 quokkas
  4 frilled lizards
  10 rats
364 creatures vanquished.

Vanquished Creatures (others)
  A manticore (D:12)
  An orc wizard (D:6)
  A kobold (Bailey)
3 creatures vanquished.

Grand Total: 367 creatures vanquished

Notes
Turn   | Place    | Note
-------+----------+-------------------------------------------
     0 | D:1      | CraigForest the Formicid Fighter began the quest for the
                  | Orb.
     0 | D:1      | Reached XP level 1. HP: 18/18 MP: 1/1
   154 | D:1      | Reached XP level 2. HP: 22/24 MP: 2/2
   371 | D:1      | Reached XP level 3. HP: 29/29 MP: 3/3
   897 | D:2      | Reached XP level 4. HP: 37/37 MP: 4/4
   924 | D:2      | Reached skill level 3 in Polearms
   977 | D:2      | Noticed Robin
  1007 | D:2      | Killed Robin
  1077 | D:2      | Reached XP level 5. HP: 42/42 MP: 5/5
  1238 | D:2      | Found a shadowy altar of Dithmenos.
  1332 | D:3      | Noticed Sigmund
  1342 | D:3      | Killed Sigmund
  1343 | D:3      | Reached skill level 4 in Polearms
  1343 | D:3      | Reached skill level 1 in Dodging
  1343 | D:3      | Reached XP level 6. HP: 31/48 MP: 6/6
  1470 | D:3      | Found Tuit's Assorted Antiques.
  1510 | D:3      | Found a runed translucent gate.
  1510 | D:3      | Found a runed translucent gate.
  1510 | D:3      | Found a runed translucent gate.
  1514 | D:3      | Noticed CraigForest's ghost (amateur FoHu)
  1558 | D:3      | Noticed a moth of wrath
  1560 | D:3      | Found a bloodstained altar of Trog.
  1930 | D:3      | Found a faded altar of an unknown god.
  1952 | D:3      | Noticed Grinder
  1970 | D:3      | Killed Grinder
  1971 | D:3      | Reached skill level 5 in Polearms
  1971 | D:3      | Reached skill level 5 in Shields
  1971 | D:3      | Reached XP level 7. HP: 15/55 MP: 7/7
  2187 | D:3      | Killed CraigForest's ghost
  2188 | D:3      | Reached skill level 6 in Polearms
  2358 | D:4      | Identified the +4 whip of Qazlal's Regard {holy, rF- Will++
                  | Int-2 Dex+2}
  2364 | D:4      | Reached skill level 5 in Armour
  2366 | D:4      | Reached XP level 8. HP: 61/61 MP: 8/8
  2409 | D:4      | Reached skill level 5 in Fighting
  2454 | D:4      | Found an ancient bone altar of Kikubaaqudgha.
  2455 | D:4      | Found an opulent altar of Gozag.
  2462 | D:4      | Became a worshipper of Gozag Ym Sagoz the Greedy
  2708 | D:5      | Entered Level 5 of the Dungeon
  2760 | D:5      | Reached skill level 7 in Polearms
  2873 | D:5      | Found the ring of the Tortoise {AC+8}
  2880 | D:5      | Found a staircase to the Ecumenical Temple.
  3304 | D:6      | Reached skill level 8 in Polearms
  3328 | D:6      | Reached XP level 9. HP: 54/68 MP: 9/9
  3510 | D:6      | Reached skill level 9 in Polearms
  3512 | D:6      | Identified the +0 leather armour of Biraqab {-Cast rC+
                  | rCorr Str+8}
  4157 | D:7      | Found a flagged portal.
  4163 | Bailey   | Entered a bailey
  4304 | Bailey   | Reached XP level 10. HP: 56/77 MP: 10/10
  4318 | Bailey   | Found a burning altar of Makhleb.
  4918 | D:8      | Reached skill level 10 in Polearms
  5087 | D:8      | Found Hosergh's Jewellery Emporium.
  5820 | D:9      | Noticed Erica
  5836 | D:9      | Killed Erica
  5959 | D:9      | Found a white marble altar of Elyvilon.
  5959 | D:9      | Noticed Maggie
  5989 | D:9      | Killed Maggie
  5990 | D:9      | Reached XP level 11. HP: 63/84 MP: 11/11
  6079 | D:9      | Noticed a two-headed ogre
  6096 | D:9      | Killed a two-headed ogre
  6173 | D:9      | Reached skill level 10 in Shields
  6177 | D:9      | Reached skill level 11 in Polearms
  6638 | D:10     | Entered Level 10 of the Dungeon
  6931 | D:10     | Found a staircase to the Orcish Mines.
  7069 | D:10     | Noticed Sonja
  7097 | D:10     | Killed Sonja
  7367 | D:10     | Reached skill level 12 in Polearms
  7808 | D:10     | Found a portal to a secret trove of treasure.
  7858 | D:11     | Noticed Amaemon
  7885 | D:11     | Killed Amaemon
  7894 | D:11     | Reached XP level 12. HP: 20/94 MP: 12/12
  8267 | D:11     | Noticed a boulder beetle
  8277 | D:11     | Reached skill level 5 in Dodging
  8277 | D:11     | Noticed a centaur warrior
  8292 | D:11     | Noticed a death yak
  8307 | D:11     | Noticed a death yak
  8313 | D:11     | Noticed a two-headed ogre
  8314 | D:11     | Noticed Grum
  8315 | D:11     | Noticed a death yak
  8323 | D:11     | Killed a death yak
  8337 | D:11     | Killed a death yak
  8338 | D:11     | Reached skill level 13 in Polearms
  8351 | D:11     | Killed a death yak
  8358 | D:11     | Killed a centaur warrior
  8359 | D:11     | Killed a two-headed ogre
  8388 | D:11     | Killed Grum
  8423 | D:11     | Killed a boulder beetle
  8511 | D:11     | Found a staircase to the Lair.
  8777 | D:11     | Identified the +2 ring mail of the Kraken {Regen+ Int+3}
  8923 | D:12     | Reached skill level 10 in Fighting
  8940 | D:12     | Found a gate leading to a gauntlet.
  8947 | D:12     | Noticed a two-headed ogre
  8950 | D:12     | Reached skill level 14 in Polearms
  8964 | D:12     | Killed a two-headed ogre
  8965 | D:12     | Reached XP level 13. HP: 103/103 MP: 13/13
  9173 | D:12     | Identified the +0 helmet "Osmowos" {rCorr Str-5 Int+2}
  9180 | Gauntlet | Entered a Gauntlet
  9180 | Gauntlet | Found a transporter.
  9180 | Gauntlet | Found a transporter.
  9184 | Gauntlet | Found a transporter.
  9184 | Gauntlet | Found a transporter.
  9197 | Gauntlet | Found a transporter.
  9199 | Gauntlet | Found a transporter.
  9200 | Gauntlet | Noticed an entropy weaver
  9205 | Gauntlet | Noticed a dire elephant
  9212 | Gauntlet | Found a transporter.
  9216 | Gauntlet | Found a transporter.
  9248 | Gauntlet | Found a transporter.
  9285 | Gauntlet | Found a transporter.
  9289 | Gauntlet | Identified the +1 hat "Xealaewn" {+Inv}
  9361 | Gauntlet | Found a transporter.
  9451 | Gauntlet | Found a transporter.
  9670 | Gauntlet | Noticed a minotaur
  9717 | Gauntlet | HP: 4/104 [minotaur/+0 whip (14)]
  9718 | Gauntlet | Slain by a minotaur

Illustrated notes

Levels and vault maps discovered:
D:1:      lightli_iron_boxes, layout_basic, st_stairs_8
D:2:      layout_loops_ring, basic_altar, uniq_robin
D:3:      layout_rooms, tgw_trog, gammafunk_ghost_split, serial_shops, shop,
          chequers_ecumenical_altar_simple, uniq_sigmund, uniq_grinder
D:4:      layout_rooms, amethyst_overflow_temple_binary
D:5:      layout_loops_ring, temple_pool_b, minmay_curled_crystal
D:6:      layout_rooms
D:7:      layout_basic, enter_bailey_3, chequers_arboretum
D:8:      layout_basic, serial_shops, shop
D:9:      layout_roguey, mainiacjoe_overflow_tiny_flanked, uniq_erica,
          uniq_maggie
D:10:     layout_roguey [special_room_orc], erik_orc_2,
          nicolae_trove_entry_columns, uniq_sonja
D:11:     layout_basic, dpeg_lair_monsters, uniq_amaemon, uniq_grum
D:12:     layout_long_grid, gauntlet_entry_generic,
          portal_ice_cave_entry_pillars_1
Gauntlet: gammafunk_gauntlet_branching [gammafunk_gauntlet_arena_split_diamond,
          gammafunk_gauntlet_arena_grid, gammafunk_gauntlet_arena_open,
          gammafunk_gauntlet_arena_arrow_garden, nicolae_gauntlet_arena_blocks,
          gammafunk_gauntlet_arena_teeth, gammafunk_gauntlet_arena_crates,
          gammafunk_gauntlet_arena_spirals, gauntlet_exit_hidden_loot]

Skill      XL: |  1  2  3  4  5  6  7  8  9 10 11 12 13 |
---------------+----------------------------------------+-----
Polearms       | 3 4 5 6 8 9 10 12 14 | 14.4
Armour         | 4 5 6 8 9 |  9.3
Fighting       | 4 5 6 7 8 10 | 10.6
Dodging        | 1 2 4 5 6 |  6.2
Shields        | 5 6 9 10 | 10.0
Throwing       | |  0.9

Action                     |  1- 3 |  4- 6 |  7- 9 | 10-12 | 13-15 || total
---------------------------+-------+-------+-------+-------+-------++-------
  Melee: Trident           |    96 |   128 |   363 |  1012 |   149 ||  1748
  Throw: Boomerang         |       |       |     3 |     7 |       ||    10
Ability: Dig               |     1 |     2 |       |       |       ||     3
    Use: Scroll            |     2 |     2 |     4 |     9 |     1 ||    18
         Potion            |       |     1 |       |     2 |     3 ||     6
   Stab: Distracted        |       |       |       |     5 |       ||     5
 Armour: Scale mail        |    32 |    41 |     6 |       |       ||    79
         Plate armour      |       |       |   164 |    88 |       ||   252
         Acid dragon scale |       |       |       |   156 |    31 ||   187
  Dodge: Dodged            |    36 |    34 |   100 |   253 |    38 ||   461
  Block: Buckler           |    22 |    27 |    42 |       |       ||    91
         Kite shield       |       |       |    87 |   629 |    89 ||   805
         Reflection        |       |       |    13 |    33 |     3 ||    49

Table legend: (Time is in decaauts)
 A = Elapsed time spent in this place.
 B = Non-inter-level travel time spent in this place.
 C = Inter-level travel time spent in this place.
 D = Time resting spent in this place.
 E = Time spent auto-exploring this place.
 F = Levels seen in this place.
 G = Mean time per level.
                   A        B        C        D        E       F      G
               +--------+--------+--------+--------+--------+-----+--------+
         Total |   9484 |   9050 |    434 |     99 |   5545 |  14 |  677.4 |
       Dungeon |   8632 |   8198 |    434 |      0 |   5373 |  12 |  719.3 |
        Bailey |    347 |    347 |      0 |     99 |     36 |   1 |  347.0 |
      Gauntlet |    505 |    505 |      0 |      0 |    136 |   1 |  505.0 |
               +--------+--------+--------+--------+--------+-----+--------+

Top non-repeatable levels by time:
    D:10: 1148 daAuts
     D:3: 1027 daAuts
    D:11: 969 daAuts
     D:9: 931 daAuts
     D:1: 789 daAuts
     D:8: 768 daAuts
     D:7: 726 daAuts
     D:2: 567 daAuts
     D:5: 561 daAuts
     D:6: 538 daAuts
Gauntlet: 505 daAuts
     D:4: 358 daAuts
  Bailey: 347 daAuts
    D:12: 245 daAuts
